Map: Redshift LE

Players

MarioMM - Winner!

  • Race: Terran Terran
  • League: Diamond
  • Spawn Location: 11:00

BobbyAwesome

  • Race: Protoss Protoss
  • League: Diamond
  • Spawn Location: 7:00

VOD

Have the link to the VOD?

Description

Time

  • Played on: July 20, 2018, 12:26 p.m.
  • Length: 8:12
Show
View Real Time Build Order
Export as new Build Order

MarioMM Terran - Winner!

Build Orders: MMM Bio 

Get SALT Encoding   

  12  0:01  SCV  
  13  0:13  SCV  
  14  0:19  Supply Depot  
  14  0:25  SCV  
  15  0:29  Refinery  
  15  0:41  SCV  
  16  0:48  Barracks  
  16  0:53  SCV  
  17  1:05  SCV  
  18  1:17  Refinery, SCV  
  20  1:33  Supply Depot  
  20  1:34  Orbital Command  
  20  1:35  Reaper  
  20  1:51  Factory  
  20  2:00  SCV  
  21  2:12  SCV  
  22  2:16  Barracks Reactor  
  22  2:24  SCV  
  22  2:28  Command Center  
  23  2:36  Hellion  
  25  2:41  SCV  
  26  2:53  SCV  
  27  3:00  Starport  
  27  3:04  Barracks Tech Lab  
  27  3:07  Hellion  
  30  3:13  Hellion  
  31  3:25  Stimpack  
  31  3:39  Marine  
  31  3:40  SCV, Cyclone  
  36  3:42  Cyclone  
  39  3:52  SCV  
  40  4:04  SCV  
  40  4:07  Orbital Command  
  40  4:08  Marine  
  40  4:09  Medivac  
  44  4:16  SCV  
  45  4:17  Barracks  
  45  4:23  Barracks  
  45  4:24  Factory Reactor  
  45  4:28  SCV  
  46  4:36  Orbital Command  
  44  4:41  SCV  
  45  4:53  SCV  
  46  5:11  Supply Depot, Factory Tech Lab  
  46  5:12  Supply Depot  
  46  5:23  SCV x2  
  46  5:27  Medivac  
  45  5:35  SCV  
  46  5:45  SCV  
  46  5:47  SCV  
  46  5:49  Refinery  
  48  5:53  Supply Depot, Command Center, Marine x2  
  48  5:56  Siege Tank, Marine  
  48  5:57  SCV, Combat Shields, Medivac  
  54  6:02  Engineering Bay  
  54  6:03  Engineering Bay  
  49  6:11  Marine x2  
  50  6:12  Marine x2  
  50  6:14  Marine  
  54  6:20  SCV x2  
  56  6:28  Siege Tank  
  56  6:29  Marine x3  
  56  6:30  Marine, Medivac  
  56  6:32  SCV x2, Marine  
  68  6:34  Barracks  
  68  6:37  Barracks  
  68  6:46  Marine  
  69  6:51  Marine  
  70  7:00  Barracks  
  70  7:04  Supply Depot  
  70  7:05  SCV x2, Marine x3  
  70  7:06  Supply Depot  
  75  7:17  SCV  
  76  7:23  Marauder  
  76  7:24  SCV x2  
  76  7:26  Marine x4  
  76  7:27  Siege Tank  
  76  7:29  SCV  
  90  7:31  Starport Reactor, Barracks Reactor  
  90  7:32  Barracks Reactor  
  88  7:39  SCV x2  
  88  7:42  Refinery  
  90  7:44  Marauder  
Show
View Real Time Build Order
Export as new Build Order

BobbyAwesome Protoss 

Build Orders: 1 Gate Expand 

Get SALT Encoding   

  12  0:01  Probe  
  13  0:14  Probe  
  13  0:20  Pylon  
  15  0:28  Probe  
  15  0:40  Probe  
  16  0:43  Gateway  
  16  0:47  Assimilator  
  16  0:52  Probe  
  17  1:04  Probe  
  18  1:17  Probe  
  19  1:31  Nexus  
  19  1:40  Probe  
  19  1:41  Cybernetics Core  
  19  1:46  Assimilator  
  20  1:52  Probe  
  21  1:57  Pylon  
  21  2:04  Probe  
  22  2:12  Probe  
  22  2:20  Probe  
  22  2:26  Robotics Facility  
  23  2:31  Probe  
  23  2:32  Warp Gate  
  24  2:38  Stalker  
  24  2:40  Probe  
  27  2:48  Probe x2  
  27  2:56  Probe  
  27  2:58  Probe  
  29  3:03  Gateway  
  31  3:17  Immortal, Probe  
  35  3:25  Probe  
  35  3:26  Stalker  
  38  3:31  Probe  
  40  3:38  Probe  
  41  3:43  Probe  
  41  3:45  Pylon  
  42  3:50  Probe  
  43  3:57  Pylon  
  43  4:02  Pylon  
  41  4:18  Observer  
  42  4:26  Gateway  
  42  4:28  Twilight Council, Protoss Air Weapons Level 1  
  42  4:40  Stalker x2  
  42  4:43  Observer  
  47  4:46  Probe x2  
  47  4:50  Blink  
  49  4:57  Shield Battery  
  49  4:58  Probe x2  
  51  5:00  Pylon  
  51  5:10  Probe  
  51  5:11  Probe  
  51  5:13  Pylon  
  53  5:18  Pylon  
  53  5:22  Probe  
  54  5:31  Stalker x3  
  58  5:35  Probe x2  
  59  5:48  Probe x2  
  61  5:54  Shield Battery  
  61  6:00  Probe  
  62  6:07  Immortal  
  62  6:09  Pylon  
  66  6:13  Probe x2  
  68  6:19  Assimilator  
  68  6:20  Assimilator  
  68  6:25  Probe  
  69  6:27  Forge  
  69  6:29  Forge  
  69  6:32  Pylon  
  69  6:39  Pylon  
  69  6:40  Probe x2  
  69  6:43  Observer  
  69  6:46  Stalker  
  69  6:47  Stalker x2  
  75  6:52  Probe  
  78  6:55  Probe  
  79  7:04  Probe  
  80  7:19  Nexus  
  80  7:21  Pylon  
  80  7:22  Probe x2  
  82  7:24  Pylon  
  82  7:27  Pylon  
  82  7:34  Probe x2  
  82  7:35  Gateway  
  84  7:44  Templar Archives  
  69  8:05  Stalker x3  
Tags
 
Composition
MMM Bio
Matchup
PvT
Replay Pack
replaypack1
Spawn Locations
Close Positions
Add a new tag
Caveats
  • Supply blocks, unpowered buildings, or Contaminate may cause inaccurate times.
  • Supply counts are checked every 10 seconds.